cohdb
Replays
Latest Replays
All Replays
Popular Replays
Top Player Replays
Match Explorer
How It Works
Community
CoH3 Stats
Reddit
Sign in to upload your games and track your stats! →
Sign in with Steam
Match 40678715
Unlisted
Match 40678715
Overview
Messages
Build Orders
End
Construct Infanterie Kompanie
MG 42 Machine Gun Team
MG 42 Machine Gun Team
Selects Terror Battlegroup
Selects Machine Gun Camouflage
GrW 34 Mortar Team
Construct Luftwaffe Kompanie
Selects Contempt for the Weak
Jäger Squad
Jäger Squad
221 Scout Car
Pioneer Squad
Luftwaffe Officer Quarters
Selects Propaganda Leaflet Drop
GrW 34 Mortar Team
MG 42 Machine Gun Team
Medical Bunker
Kettenkrad Recon Vehicle
Support Elements
Wirbelwind Flakpanzer
Selects No Quarter
Pioneer Squad
Propaganda Leaflet Drop
Wirbelwind Flakpanzer
Pioneer Squad
MG 42 Bunker
MG 42 Bunker
Jäger Squad
Flak 30 Anti-aircraft Gun Team
Medical Station
Selects King Tiger Heavy Tank
Propaganda Leaflet Drop
King Tiger Heavy Tank
poppe
freddan
Microsoft Outlook
deadsadbadmad
0
0
Comments
sign in to comment!
No comments posted yet!